 Dungeon Crawl Stone Soup version 0.31-a0-931-g7b59d4eb97 (webtiles) character file.

Game seed: 6354446717698018863

1099 Shayle the Trooper (level 8, -2/83 HPs)
             Began as an Ogre Hexslinger on Oct 19, 2023.
             Slain by an orc warrior
             ... wielding a +0 glaive
              (11 damage)
             ... on level 6 of the Dungeon.
             The game lasted 00:19:33 (5881 turns).

Shayle the Trooper (Ogre Hexslinger)                Turns: 5881, Time: 00:19:33

Health: -2/83      AC:  3    Str: 13    XL:     8   Next: 32%
Magic:  13/15      EV:  9    Int: 16    God:
Gold:   205        SH: 12    Dex: 15    Spells: 15/17 levels left

rFire   . . .        f - +3 trident (vamp)
rCold   . . .        h - +3 kite shield "Esta" {Dex+4}
rNeg    . . .        c - +0 robe
rPois   .            (helmet restricted)
rElec   .            (no cloak)
rCorr   .            (gloves unavailable)
SInv    .            (boots unavailable)
Will    .....        (no amulet)
Stlth   +            (no ring)
HPRegen 0.33/turn    (no ring)
MPRegen 0.14/turn

%: no passive effects
@: weak-willed, jinxed
A: large, unfitting armour, tough skin 1
a: no special abilities


You were on level 6 of the Dungeon.
You visited 1 branch of the dungeon, and saw 6 of its levels.

You collected 216 gold pieces.
You spent 11 gold pieces at shops.

Inventory:

Hand Weapons
 a - a +1 sling
 e - a +0 long sword
 f - a +3 vampiric trident (weapon)
 k - a +1 vampiric whip
Missiles
 o - a curare-tipped dart
Armour
 c - a +0 robe (worn)
 h - the +3 kite shield "Esta" (worn) {Dex+4}
   (You acquired it on level 4 of the Dungeon)

   Dex+4:     It affects your dexterity (+4).
Jewellery
 i - a ring of flight
Scrolls
 b - a scroll of poison
 d - a scroll of identify
 m - a scroll of teleportation
 n - a scroll of fog {unknown}
 q - a scroll of noise {unknown}
Potions
 j - a potion of brilliance {unknown}
 l - 2 potions of mutation {unknown}
 p - a potion of haste
 r - a potion of cancellation {unknown}


   Skills:
 + Level 6.0 Fighting
 - Level 1.3 Ranged Weapons
 + Level 4.4 Dodging
 + Level 3.1 Shields
 + Level 5.0 Spellcasting
 - Level 2.6 Hexes
 - Level 3.7 Fire Magic


You had 15 spell levels left.
You knew the following spells:

 Your Spells              Type           Power      Damage    Failure   Level
a - Jinxbite              Hex            24%        N/A       26%         2

Your spell library contained the following spells:

 Spells                   Type           Power      Damage    Failure   Level
 Slow                     Hex            48%        N/A       19%         1
 Inner Flame              Hex/Fire       14%        N/A       41%         3
 Confusing Touch          Hex            12%        N/A       47%         3
 Sigil of Binding         Hex            12%        N/A       47%         3
 Ozocubu's Armour         Ice            4%         N/A       85%         3
 Vampiric Draining        Necr           4%         2d6       85%         3
 Cause Fear               Hex            6%         N/A       87%         4
 Dimensional Bullseye     Hex/Tloc       4%         N/A       97%         4
 Ozocubu's Refrigeration  Ice            2%         4d7       100%        7


Dungeon Overview and Level Annotations

Branches:
Dungeon (6/15)
 Temple: D:4-7

Altars:
Elyvilon
Fedhas
Qazlal
Uskayaw
Xom

Shops:
D:4 !(([


Innate Abilities, Weirdness & Mutations

You are too large for most types of armour.
You have tough skin. (AC +1)


Message History

The howler monkey is heavily wounded.
A giggling sprite leaps out and doodles on the howler monkey's face.
The howler monkey is severely wounded.
The jinxing sprites lose interest in you.
The howler monkey hoots and howls with incredible vigour!
Your magical contamination has completely faded away.
You hit the howler monkey.
You kill the howler monkey!
Your Fighting skill increases to level 6!
Your Spellcasting skill increases to level 5!
You see here a howler monkey corpse.
You start resting.
You feel your willpower return.
You start resting.
Magic restored.
You start resting.
HP restored.
There is a stone staircase leading down here.
You climb downwards.
The orc warrior hits you from afar with a +0 glaive! x2
There is a stone staircase leading up, spattered with blood here.
The orc warrior hits you with a +0 glaive!
Casting: Jinxbite (dangerous; 26% risk of failure)
Confirm with . or Enter, or press ? or * to list all spells.
You beckon some vexing sprites to accompany your attacks.
You feel your willpower being sapped.
The orc warrior hits you with a +0 glaive!!
You closely miss the orc warrior.
A scorpion comes into view.
The orc warrior hits you with a +0 glaive!
* * * LOW HITPOINT WARNING * * *
Okay, then.
Okay, then.
Unknown command.
You feel better.
The orc warrior hits you with a +0 glaive!!
* * * LOW HITPOINT WARNING * * *
You feel better.
The orc warrior hits you with a +0 glaive!
You die...

... #.. .. #.......... ..
.. .. #.......... # ..
......###.......... ##. #.
.#..........o.<(...
....#.##..
....###'######## ..#......
. #'#
#......####+####.........
#....so.....+.........
........##@######.......J.
#####.#.#<...# #....<.o..
.....####.# #....o....
...#.... .# #.........
##..#### # #......... ###


You could see an orc warrior and a scorpion.

Vanquished Creatures
  A water moccasin (D:5)
  An ice beast (D:5)
  An ogre (D:5)
  A phantom (D:5)
  A kobold brigand (D:5)
  3 scorpions
  A howler monkey (D:5)
  An orc priest (D:4)
  A gnoll bouda (D:5)
  A hound (D:5)
  Terence (D:3)
  2 orc wizards (D:3)
  8 gnolls
  4 adders
  A white imp (D:5)
  2 ufetubi (D:5)
  4 worms
  5 dart slugs
  24 orcs
  8 ball pythons
  9 endoplasms
  2 giant cockroaches (D:1)
  6 goblins
  8 hobgoblins
  9 jackals
  11 kobolds
  5 quokkas
  5 bats
  3 rats
129 creatures vanquished.

Notes
Turn   | Place    | Note
-------+----------+-------------------------------------------
     0 | D:1      | Shayle the Ogre Hexslinger began the quest for the Orb.
     0 | D:1      | Reached XP level 1. HP: 19/19 MP: 2/2
    35 | D:1      | Reached skill level 1 in Fire Magic
   166 | D:1      | Reached XP level 2. HP: 28/28 MP: 2/4
   403 | D:1      | Reached skill level 2 in Fighting
   539 | D:1      | Reached XP level 3. HP: 33/35 MP: 5/5
   567 | D:1      | Learned a level 2 spell: Jinxbite
  1270 | D:2      | Reached XP level 4. HP: 44/44 MP: 4/7
  1481 | D:2      | Found a shimmering altar of Xom.
  1853 | D:3      | Reached skill level 3 in Fighting
  1974 | D:3      | Found a stormy altar of Qazlal.
  2093 | D:3      | Noticed Terence
  2109 | D:3      | Killed Terence
  2110 | D:3      | Reached XP level 5. HP: 13/53 MP: 6/9
  2919 | D:3      | Found a hide-covered altar of Uskayaw.
  2919 | D:3      | Found a blossoming altar of Fedhas.
  3276 | D:4      | Found Qioz's Weapon Emporium.
  3278 | D:4      | Found Tudas's Antique Weapon Shop.
  3307 | D:4      | Reached XP level 6. HP: 15/62 MP: 8/10
  3491 | D:4      | Identified a scroll of acquirement
  3491 | D:4      | Acquired the +3 kite shield "Esta" {Dex+4}
  3730 | D:4      | Found Douruvoca's Distillery.
  3757 | D:4      | Bought a potion of degeneration for 11 gold pieces
  3833 | D:4      | Reached skill level 4 in Fighting
  4163 | D:4      | Found Vih Moi's Antique Armour Shoppe.
  4309 | D:5      | Entered Level 5 of the Dungeon
  4312 | D:5      | Found a white marble altar of Elyvilon.
  4313 | D:5      | Noticed an ice beast
  4335 | D:5      | Killed an ice beast
  4336 | D:5      | Reached skill level 1 in Shields
  4336 | D:5      | Reached XP level 7. HP: 71/71 MP: 8/12
  4760 | D:5      | Reached skill level 5 in Fighting
  4859 | D:5      | Reached XP level 8. HP: 37/80 MP: 10/14
  5816 | D:5      | Reached skill level 6 in Fighting
  5816 | D:5      | Reached skill level 5 in Spellcasting
  5880 | D:6      | HP: 2/83 [orc warrior/+0 glaive (20)]
  5881 | D:6      | Slain by an orc warrior

Illustrated notes

Levels and vault maps discovered:
D:1:      tarquinn_simple_flora_water_a, layout_loops_cross,
          nicolae_concentric_dashed_squares_wild, minmay_ruptured
D:2:      layout_basic, basic_altar, hex_intersection, kennysheep_cross_room,
          chequers_serial_rivers_large_a
D:3:      layout_loops_ring, amcnicky_altar_gilded,
          mainiacjoe_overflow_large_starburst, serial_bayou_lagoon_a,
          uniq_terence
D:4:      layout_rooms, serial_shops, shop, shop, nicolae_shop_advertising_works
          [nicolae_subvault_shop_adworks], nicolae_shop_real_fake_doors,
          grunt_decor_arrowhead, chequers_hall_statues_corner_a
D:5:      minmay_evil_eye, layout_basic,
          mainiacjoe_overflow_concentric_impassable
D:6:      hellmonk_crumbling_castle, layout_basic,
          nicolae_gozag_cash_rules_everything_around_me, temple_fountains,
          minmay_statues_item, hangedman_decor_growths

Skill      XL: |  1  2  3  4  5  6  7  8 |
---------------+-------------------------+-----
Fire Magic     | 1 2 3 |  3.7
Dodging        | 2 3 4 |  4.4
Fighting       | 2 3 4 5 6 |  6.0
Spellcasting   | 2 3 4 5 |  5.0
Shields        | 1 2 3 |  3.1
Ranged Weapons | |  1.3
Hexes          | |  2.6

Action                     |  1- 3 |  4- 6 |  7- 9 || total
---------------------------+-------+-------+-------++-------
  Melee: Whip              |       |    68 |       ||    68
         Trident           |       |    65 |   133 ||   198
   Fire: Sling             |   153 |   111 |       ||   264
   Cast: Jinxbite          |     5 |    22 |    21 ||    48
    Use: Scroll            |     2 |     7 |     1 ||    10
         Potion            |       |     4 |     3 ||     7
 Armour: Robe              |    81 |   153 |   108 ||   342
         Skin              |       |     5 |       ||     5
  Dodge: Dodged            |    70 |    67 |    65 ||   202
  Block: Kite shield       |       |    47 |    92 ||   139

Table legend: (Time is in decaauts)
 A = Elapsed time spent in this place.
 B = Non-inter-level travel time spent in this place.
 C = Inter-level travel time spent in this place.
 D = Time resting spent in this place.
 E = Time spent auto-exploring this place.
 F = Levels seen in this place.
 G = Mean time per level.
                   A        B        C        D        E       F      G
               +--------+--------+--------+--------+--------+-----+--------+
         Total |   6062 |   5763 |    299 |   1126 |   2944 |   6 | 1010.3 |
       Dungeon |   6062 |   5763 |    299 |   1126 |   2944 |   6 | 1010.3 |
               +--------+--------+--------+--------+--------+-----+--------+

Top non-repeatable levels by time:
     D:3: 1696 daAuts
     D:5: 1354 daAuts
     D:1: 1106 daAuts
     D:4: 964 daAuts
     D:2: 904 daAuts
     D:6: 36 daAuts
